 Seeded DCSS version 0.30-a0-719-gcc4359ea44 (webtiles) character file.

Game seed: 905864180322077160 (custom seed)

211 hikkokomori the Trooper (level 5, -6/29 HPs)
             Began as a Vine Stalker Fighter on Jan 27, 2023.
             Killed from afar by an orc wizard (9 damage)
             ... with a puff of flame
             ... on level 3 of the Dungeon.
             The game lasted 00:04:40 (2148 turns).

hikkokomori the Trooper (Vine Stalker Fighter)      Turns: 2148, Time: 00:04:40

Health: -6/29      AC:  5    Str: 21    XL:     5   Next: 88%
Magic:  0/6        EV: 10    Int:  8    God:
Gold:   191        SH:  5    Dex: 13    Spells: 4/4 levels left

rFire   . . .      SeeInvis .    f - +1 short sword (venom)
rCold   . . .      Faith    .    c - +0 buckler
rNeg    . . .      Spirit   +    m - +0 troll leather armour {Pargi}
rPois   .          Reflect  .    j - +0 hat
rElec   .          Harm     .    s - +0 cloak
rCorr   .          Rampage  .    (no gloves)
Will    .....                    (no boots)
Stlth   +                        (no amulet)
HPRegen 1.84/turn                (no ring)
MPRegen 0.10/turn                (no ring)

@: no status effects
A: fangs 2, regeneration 1, magic shield, antimagic bite, no potion heal 2
a: no special abilities


You were on level 3 of the Dungeon.
You visited 1 branch of the dungeon, and saw 3 of its levels.
You also visited: Sewer.

You collected 191 gold pieces.

Inventory:

Hand Weapons
 a - a +0 flail
 f - a +1 short sword of venom (weapon)
Armour
 b - a +0 scale mail
 c - a +0 buckler (worn)
 j - a +0 hat (worn)
 m - a +0 troll leather armour (worn) {Pargi}
 s - a +0 cloak (worn)
Wands
 o - a wand of iceblast (5)
Scrolls
 g - 2 scrolls of silence {unknown}
 h - 3 scrolls of teleportation
 k - a scroll of fear {unknown}
 l - a scroll of identify {unknown}
Potions
 d - 3 potions of might
 i - a potion of flight {unknown}
 n - a potion of magic {unknown}
 r - 2 potions of haste


   Skills:
 + Level 4.0 Fighting
 - Level 1.8 Maces & Flails
 + Level 3.6 Armour
 + Level 4.0 Shields


You had 4 spell levels left.
You didn't know any spells.
Your spell library contained the following spells:

 Spells                   Type           Power      Damage    Failure   Level
 Magic Dart               Conj           0%         1d3       54%         1
 Searing Ray              Conj           0%         2d4       69%         2
 Fulminant Prism          Conj/Hex       0%         3d5       100%        4


Dungeon Overview and Level Annotations

Branches:
Dungeon (3/15)              Sewer (visited)

Altars:

Shops:
D:1 *

Annotations:
D:2 1 runed translucent door, Crazy Yiuf


Innate Abilities, Weirdness & Mutations

You have extremely sharp teeth.
Your natural rate of healing is unusually fast.
When hurt, damage is shared between your health and your magic reserves.
Your bite disrupts and absorbs the magic of your enemies.
Potions cannot restore your health.


Message History

Your system rejects the healing.
You feel better. Something hits you.
* * * LOW HITPOINT WARNING * * *
You are poisoned.
You block the orc's attack.
You hit something but do no damage. You bite something.
You feel sick. Something hits you but does no damage.
You are more poisoned.
The orc barely misses you.
You barely miss something.
You feel sick.
You hear some strange, mumbled words.
Something tries to affect you, but you resist.
The frilled lizard unfolds its giant frill.
The orc hits you but does no damage.
Your system rejects the healing.
You feel better.
You kill the orc!
The frilled lizard closely misses you. Something hits you but does no damage.
You are poisoned.
Your Shields skill increases to level 4!
You hit something but do no damage. Your bite misses something.
You feel sick.
The frilled lizard bites you but does no damage.
Something hits you but does no damage.
You are more poisoned.
You hit something but do no damage.
You feel very sick. The frilled lizard barely misses you.
Something hits you but does no damage.
You are lethally poisoned!
Your system rejects the healing.
You feel better.
The frilled lizard bites you but does no damage.
Something hits you.
* * * LOW HITPOINT WARNING * * *
You are poisoned.
You closely miss something. Your bite misses something.
You feel sick. You block the frilled lizard's attack. Something hits you.
* * * LOW HITPOINT WARNING * * *
Your system rejects the healing.
You feel better. The frilled lizard bites you.
* * * LOW HITPOINT WARNING * * *
You hear some strange, mumbled words.
A puff of flame appears from out of thin air!
The puff of flame hits you!
You die...

..#...............#
..................*
#..............?..*
.............#*****
.#*#.........##
.........###.)###
.........* ##...##
..##....,***###){#
........,,,*,,##@#
.......,,,,#...l.#*
,.###.#**,,#..##..*
,#.,,*,,,*#..*,...#
,*,,,*,,,#..,*,...#*
***,,*,,,#.,**#....*
,,,*,,***.,*,,.#...*
,,,*,,,*,,,*,,.#...#
,,,**,,*,,,*,,,**,,*


You could see a frilled lizard.

Vanquished Creatures
  Pargi (Sewer)
  An orc wizard (D:3)
  3 adders (D:3)
  A worm (D:3)
  3 orcs (D:3)
  5 ball pythons
  4 endoplasms (D:1)
  4 giant cockroaches
  5 goblins
  4 hobgoblins
  3 kobolds
  3 quokkas (D:1)
  10 bats
  3 frilled lizards
  2 rats
52 creatures vanquished.

Notes
Turn   | Place    | Note
-------+----------+-------------------------------------------
     0 | D:1      | hikkokomori the Vine Stalker Fighter began the quest for
                  | the Orb.
     0 | D:1      | Reached XP level 1. HP: 11/11 MP: 2/2
    21 | D:1      | Found Heeq's Assorted Antiques.
   120 | D:1      | Reached XP level 2. HP: 16/16 MP: 3/3
   651 | D:1      | Reached XP level 3. HP: 20/20 MP: 4/4
  1337 | D:2      | Found a runed translucent door.
  1338 | D:2      | Noticed Crazy Yiuf
  1834 | D:3      | Found a glowing drain.
  1890 | D:3      | Gained mutation: Your natural rate of healing is unusually
                  | fast. [Vine Stalker growth]
  1890 | D:3      | Reached XP level 4. HP: 5/24 MP: 1/5
  1910 | Sewer    | Entered a sewer
  1936 | Sewer    | Noticed Pargi
  1948 | Sewer    | Killed Pargi
  1949 | Sewer    | Reached XP level 5. HP: 21/29 MP: 3/6
  2148 | D:3      | Killed from afar by an orc wizard

Illustrated notes

Levels and vault maps discovered:
D:1:      dpeg_arrival_renting, layout_loops_ring, serial_shops, shop,
          nicolae_figureground_sparkle
D:2:      layout_loops_ring, grunt_ministairs_14, kennysheep_generic_room_4,
          uniq_crazy_yiuf_cottage
D:3:      layout_rooms, gup_sewer_entry_glass, shapermc_ecumenical_altar_ellora,
          nicolae_titane

Skill      XL: |  1  2  3  4  5 |
---------------+----------------+-----
Fighting       | 3 4 |  4.0
Shields        | 3 4 |  4.0
Armour         | 3 |  3.6
Maces & Flails | |  1.8

Action                     |  1- 3 |  4- 6 || total
---------------------------+-------+-------++-------
  Melee: Short sword       |    93 |    53 ||   146
         Flail             |     8 |       ||     8
         Bite              |    26 |    17 ||    43
    Use: Scroll            |     5 |     1 ||     6
         Potion            |       |     5 ||     5
 Armour: Scale mail        |    38 |    24 ||    62
         Troll leather arm |       |    12 ||    12
  Dodge: Dodged            |    44 |    31 ||    75
  Block: Buckler           |    24 |    18 ||    42

Table legend: (Time is in decaauts)
 A = Elapsed time spent in this place.
 B = Non-inter-level travel time spent in this place.
 C = Inter-level travel time spent in this place.
 D = Time resting spent in this place.
 E = Time spent auto-exploring this place.
 F = Levels seen in this place.
 G = Mean time per level.
                   A        B        C        D        E       F      G
               +--------+--------+--------+--------+--------+-----+--------+
         Total |   2157 |   1974 |    183 |     26 |   1557 |   4 |  539.2 |
       Dungeon |   2052 |   1869 |    183 |     26 |   1505 |   3 |  684.0 |
         Sewer |    105 |    105 |      0 |      0 |     52 |   1 |  105.0 |
               +--------+--------+--------+--------+--------+-----+--------+

Top non-repeatable levels by time:
     D:1: 1002 daAuts
     D:2: 775 daAuts
     D:3: 274 daAuts
   Sewer: 105 daAuts
